Match 28152254
Unlisted

Match 28152254
End
Construct Weapon Support Center
Engineer Squad
Sniper
M1919 Machine Gun Team
Bazooka Squad
Infantry Support Center
Construct Medical Station
Bazooka Squad
Munitions Surplus
Construct Barracks
Improved M9 Bazooka Rockets
Demolitions Package
Selects Advanced Infantry Battlegroup
Selects Convert to Ranger Squad
Selects Designate Assault Position
Ranger Squad
Scout Squad
Advanced Logistics
Selects Ranger Weapon Training
Survival Training
Bazooka Squad
Engineer Squad
Bazooka Squad
Ranger Squad
Selects Ammunition Storage
Hydra7-1
ashilrye
sniper shot reduces your mom lif
CAuMOH
0
0

Comments sign in to comment!

No comments posted yet!